 Dungeon Crawl Stone Soup version 0.20.0-15-g7f486f2 (webtiles) character file.

140 greprep the Covert (level 5, -1/31 HPs)
             Began as an Octopode Enchanter on June 27, 2017.
             Slain by a hound (5 damage)
             ... on level 4 of the Dungeon.
             The game lasted 00:05:01 (1962 turns).

greprep the Covert (Octopode Enchanter)             Turns: 1962, Time: 00:05:02

Health: -1/31      AC:  1    Str:  7    XL:     5   Next: 23%
Magic:  1/8        EV: 12    Int: 17    God:
Gold:   106        SH:  0    Dex: 14    Spells: 5/8 levels left

rFire    . . .     SeeInvis .   n - +0 dagger (venom)
rCold    . . .     Gourm    .   (no shield)
rNeg     . . .     Faith    .   q - +0 hat
rPois    +         Spirit   .   f - amulet of magic regeneration
rElec    .         Reflect  .   d - ring of poison resistance
rCorr    .         Harm     .   (no ring)
MR       .....                  (no ring)
Stlth    ++++......             (no ring)
Regen    0.1/turn               (no ring)
MPRegen  0.2/turn               (no ring)
                                (no ring)
                                (no ring)

@: very slightly contaminated, heavily drained
A: almost no armour, stealthy swim, amphibious, 8 rings, constrict 8, camouflage
1, gelatinous body 1
a: no special abilities


You were on level 4 of the Dungeon.
You were not hungry.

You visited 1 branch of the dungeon, and saw 3 of its levels.

You collected 106 gold pieces.

Inventory:

Hand Weapons
 n - a +0 dagger of venom (weapon)
Armour
 q - a +0 hat (worn)
Jewellery
 d - a ring of poison resistance (left tentacle)
 f - an amulet of magic regeneration (around mantle)
Scrolls
 e - 2 scrolls of teleportation {unknown}
 g - a scroll of fear {unknown}
 h - 3 scrolls of remove curse {unknown}
 j - a scroll of random uselessness {unknown}
 l - a scroll of enchant armour {unknown}
 m - 2 scrolls of identify {unknown}
 o - 2 scrolls of magic mapping {unknown}
Potions
 r - a potion of mutation {unknown}
Books
 b - a book of Maledictions

   Spells                             Type                      Level
   a - Corona                         Hexes                        1
   b - Ensorcelled Hibernation        Hexes/Ice                    2
   c - Confuse                        Hexes                        3
   d - Tukima's Dance                 Hexes                        3
   e - Dazzling Spray                 Conjuration/Hexes            3
Comestibles
 c - a bread ration
 k - a meat ration
 s - a royal jelly


   Skills:
 - Level 1.0(0.0) Short Blades
 - Level 2.0(0.6) Dodging
 + Level 8.1(6.5) Stealth
 - Level 2.0(0.6) Spellcasting
 - Level 3.0(1.6) Hexes


You had 5 spell levels left.
You knew the following spells:

 Your Spells              Type           Power        Failure   Level  Hunger
a - Corona                Hex            #......      12%         1    ##.....
b - Ensorcelled Hibernat  Hex/Ice        #.....       24%         2    ###....


Dungeon Overview and Level Annotations

Branches:
Dungeon (4/15)
 Temple: D:4-7

Altars:
Trog
Yredelemnul
The Shining One


Innate Abilities, Weirdness & Mutations

You cannot wear most types of armour.
You are very stealthy in the water. (Stealth+)
You are amphibious.
You can wear up to eight rings at the same time.
You can use your tentacles to constrict eight enemies at once.
Your skin changes colour to match your surroundings (Stealth+).
Your rubbery body absorbs attacks. (AC +1, EV +1)


Message History

Casting: Ensorcelled Hibernation
Confirm with . or Enter, or press ? or * to list all spells.
Aiming: Ensorcelled Hibernation
Press: ? - help, Shift-Dir - straight line, f - hound
Aim: a hound (chance to defeat MR: 44%)
The hound resists with some effort.
The hound bites you.
* * * LOW HITPOINT WARNING * * *
The worker ant closely misses you.
Casting: Ensorcelled Hibernation
Confirm with . or Enter, or press ? or * to list all spells.
You don't have enough magic to cast that spell.
Unknown command.
The worker ant closely misses you. The hound barely misses you.
The hound bites you.
* * * LOW HITPOINT WARNING * * *
The worker ant bites you.
* * * LOW HITPOINT WARNING * * *
The hound bites you.
You die...

#.######..........#.########
#...........................
#.######..............######
#.# #..............# #.#
#..............###### #.#
#............(......# #.#
#...........))......# #.#
#..ah.."............#
#.#######'#@##'##..........#
#.#.......#....##..........#
#.#.......#.#####.#......÷.#
####'#.......#.#
#.#........#
#............#<#
#.#.#+######
#............#######.#.#.#
#...........†#(......#+#.##
#............#.####.......#
#.........................#


You could see a hound and a worker ant.

Vanquished Creatures
  2 orc priests (D:4)
  A worker ant (D:4)
  2 adders
  2 worms (D:2)
  A leopard gecko (D:2)
  An orc (D:4)
  2 giant cockroaches (D:2)
  4 goblins (D:1)
  2 hobgoblins
  2 jackals (D:4)
  4 bats
  6 frilled lizards
  8 kobolds
  A rat (D:1)
38 creatures vanquished.

Notes
Turn   | Place    | Note
-------+----------+-------------------------------------------
     0 | D:1      | greprep the Octopode Enchanter began the quest for the Orb.
     0 | D:1      | Reached XP level 1. HP: 11/11 MP: 3/3
   375 | D:1      | Reached XP level 2. HP: 15/17 MP: 5/5
   559 | D:1      | Reached skill level 5 in Stealth
   804 | D:2      | Reached XP level 3. HP: 18/21 MP: 6/6
   813 | D:2      | Reached skill level 6 in Stealth
  1263 | D:2      | You fall through a shaft for 2 floors!
  1314 | D:4      | Found a bloodstained altar of Trog.
  1405 | D:4      | Reached skill level 7 in Stealth
  1405 | D:4      | Reached XP level 4. HP: 26/27 MP: 7/7
  1795 | D:4      | Learned a level 2 spell: Ensorcelled Hibernation
  1814 | D:4      | Found a glowing golden altar of the Shining One.
  1816 | D:4      | Noticed an angel
  1825 | D:4      | Found a basalt altar of Yredelemnul.
  1827 | D:4      | Noticed a profane servitor
  1911 | D:4      | Reached skill level 8 in Stealth
  1911 | D:4      | Reached XP level 5. HP: 31/31 MP: 8/8
  1962 | D:4      | Slain by a hound

Skill      XL: |  1  2  3  4 |
---------------+-------------+-----
Stealth        | 5 7 8 |  8.1
Short Blades   | |  1.0
Dodging        | |  2.0
Spellcasting   | |  2.0
Hexes          | |  3.0

Action                   |  1- 3 |  4- 6 || total
-------------------------+-------+-------++-------
Melee: Dagger            |    56 |    20 ||    76
       Constrict         |    13 |     5 ||    18
       Tentacles         |     4 |     2 ||     6
 Cast: Ensorcelled Hiber |       |     2 ||     2
  Use: Potion            |     1 |     1 ||     2
 Stab: Sleeping          |    15 |     1 ||    16
  Eat: Meat ration       |       |     1 ||     1
Armor: Skin              |     1 |       ||     1
Dodge: Dodged            |    19 |    16 ||    35
